 Dungeon Crawl Stone Soup version 0.31.0-32-g396128a36d (webtiles) character file.

Game seed: 8934440690323657041

196 Peloso the Trooper (level 5, -2/47 HPs)
             Began as a Minotaur Fighter on Apr 9, 2024.
             Incinerated by a bombardier beetle (3 damage)
             ... with a burning spray
             ... on level 4 of the Dungeon.
             The game lasted 00:03:43 (2321 turns).

Peloso the Trooper (Minotaur Fighter)               Turns: 2321, Time: 00:03:43

Health: -2/47      AC:  9    Str: 20    XL:     5   Next: 46%
Magic:  4/4        EV:  8    Int:  5    God:
Gold:   103        SH:  5    Dex: 12    Spells: 4/4 levels left

rFire   . . .        a - +0 long sword
rCold   . . .        d - +0 buckler
rNeg    + . .        m - +0 chain mail
rPois   .            (helmet restricted)
rElec   .            (no cloak)
rCorr   .            (no gloves)
SInv    .            (no boots)
Will    .....        (no amulet)
Stlth   x              - ring of positive energy
HPRegen 0.27/turn    (no ring)
MPRegen 0.09/turn

%: no passive effects
@: on fire, attractive, glowing
A: horns 2, retaliatory headbutt
a: no special abilities


You were on level 4 of the Dungeon.
You visited 1 branch of the dungeon, and saw 4 of its levels.

You collected 103 gold pieces.

Inventory:

Hand Weapons
 a - a +0 long sword (weapon)
 b - a +1 dagger of flaming
Missiles
 l - a throwing net (quivered)
Armour
 d - a +0 buckler (worn)
 m - a +0 chain mail (worn)
Jewellery
 x - a ring of positive energy (left hand)
Talismans
 c - a flux talisman
Wands
 n - a wand of quicksilver (6)
Scrolls
 e - 3 scrolls of identify {unknown}
 h - a scroll of poison {unknown}
 j - 2 scrolls of noise {unknown}
 o - a scroll of blinking {unknown}
 r - a scroll of fog {unknown}
 t - a scroll of fear {unknown}
 w - a scroll of enchant weapon {unknown}
Potions
 f - a potion of might
 g - a potion of lignification {unknown}
 i - a potion of resistance {unknown}
 k - a potion of attraction
 p - a potion of heal wounds {unknown}
 q - a potion of invisibility {unknown}
 s - a potion of degeneration {unknown}
 v - a potion of magic {unknown}


   Skills:
 + Level 4.5 Fighting
 + Level 4.5 Long Blades
 + Level 4.5 Armour
 + Level 1.6 Dodging
 + Level 0.5 Stealth
 + Level 4.2 Shields


You had 4 spell levels left.
You didn't know any spells.
Your spell library contained the following spells:

 Spells                   Type           Power      Damage    Failure   Level
 Inner Flame              Hex/Fire       0%         N/A       100%        3
 Flame Wave               Conj/Fire      0%         2d4       100%        4
 Sticky Flame             Fire/Alch      0%         2d4       100%        4


Dungeon Overview and Level Annotations

Branches:
Dungeon (4/15)
 Temple: D:4-7

Altars:
Xom


Innate Abilities, Weirdness & Mutations

You have a pair of horns on your head.
You reflexively headbutt those who attack you in melee.


Message History

The liquid fire burns you!
The bombardier beetle sprays incendiary fluid at you.
The burning spray hits you.
You are even more covered in liquid fire!
You barely miss the bombardier beetle.
The bombardier beetle is heavily wounded.
The liquid fire burns you!
Unknown command.
You barely miss the bombardier beetle.
You headbutt the bombardier beetle, but do no damage.
The bombardier beetle is heavily wounded.
The liquid fire burns you!
The bombardier beetle sprays incendiary fluid at you.
The burning spray hits you.
You are even more covered in liquid fire!
You hit the bombardier beetle. You headbutt the bombardier beetle.
The bombardier beetle is severely wounded.
The liquid fire burns you!
The bombardier beetle bites you but does no damage.
You slash the bombardier beetle!
You kill the bombardier beetle!
The liquid fire burns you!
* * * LOW HITPOINT WARNING * * *
You shake off some of the fire as you move.
The liquid fire burns you!
* * * LOW HITPOINT WARNING * * *
You see here a bombardier beetle corpse.
Unknown command.
Found a stone staircase leading down.
You shake off some of the fire as you move.
The liquid fire burns you!
* * * LOW HITPOINT WARNING * * *
Unknown command.
You shake off some of the fire as you move.
The liquid fire burns you!
* * * LOW HITPOINT WARNING * * *
It was a potion of attraction.
You feel attractive to monsters. The liquid fire burns you!
You die...

#...# #... ###...###
##.. #.......# #.#
#.#...#.# #.# ###
#.#...#.# #.# #..
...#..#.### #.#
#.###.........# #..
#####.###.......#.#####
#.>...@........##..##
#.##...###..#.......# #
##†.......#.###..##
#.#..#.####...###..#
#.#.##.# #....>...####
#......# ##.#####.....
###.#### ###### #.# #
#.# #


There were no monsters in sight!

Vanquished Creatures
  A bombardier beetle (D:4)
  A hound (D:4)
  Natasha (twice) (D:4)
  3 adders
  A dart slug (D:1)
  An orc (D:3)
  4 ball pythons
  5 bats
  9 endoplasms
  2 giant cockroaches
  7 goblins
  4 hobgoblins
  A jackal (D:2)
  6 kobolds
  3 quokkas
  A frilled lizard (D:3)
  5 rats
56 creatures vanquished.

Notes
Turn   | Place    | Note
-------+----------+-------------------------------------------
     0 | D:1      | Peloso the Minotaur Fighter began the quest for the Orb.
     0 | D:1      | Reached XP level 1. HP: 19/19 MP: 0/0
   180 | D:1      | Reached XP level 2. HP: 27/27 MP: 1/1
  1078 | D:2      | Found a shimmering altar of Xom.
  1269 | D:2      | Reached XP level 3. HP: 33/33 MP: 2/2
  1582 | D:3      | Reached XP level 4. HP: 41/41 MP: 3/3
  1779 | D:3      | Reached skill level 1 in Dodging
  1994 | D:4      | Noticed Natasha
  2005 | D:4      | Killed Natasha
  2082 | D:4      | Noticed Natasha
  2096 | D:4      | Killed Natasha
  2100 | D:4      | Reached XP level 5. HP: 47/47 MP: 4/4
  2320 | D:4      | HP: 1/47 [burnt (6)]
  2321 | D:4      | Incinerated by a bombardier beetle

Illustrated notes

Levels and vault maps discovered:
D:1:      lightli_arrival_chessboard, layout_loops_ring, nrook_uturn
D:2:      layout_loops_ring, basic_altar, minmay_misc_feat_ornament,
          minmay_increasing_density
D:3:      layout_rooms, feat_on_display
D:4:      layout_loops_cross, temple_pool_b, uniq_natasha

Skill      XL: |  1  2  3  4 |
---------------+-------------+-----
Shields        | 4 |  4.2
Fighting       | 4 |  4.5
Armour         | 4 |  4.5
Long Blades    | 3 4 |  4.5
Dodging        | 1 |  1.6
Stealth        | |  0.5

Action                     |  1- 3 |  4- 6 || total
---------------------------+-------+-------++-------
  Melee: Long sword        |    99 |    53 ||   152
         Headbutt          |    10 |    13 ||    23
    Use: Scroll            |     1 |       ||     1
         Potion            |       |     1 ||     1
 Armour: Scale mail        |    65 |     6 ||    71
         Chain mail        |       |    20 ||    20
         Skin              |       |     3 ||     3
  Dodge: Dodged            |    48 |    14 ||    62
  Block: Buckler           |    21 |    11 ||    32
